[Event "Titled Tuesday Blitz September 13 Early 2022"]
[White "Grandelius, Nils"]
[Black "Shailesh, Dravid"]
[WhiteFideId "1710400"]
[BlackFideId "25017969"]
[WhiteElo "2617"]
[BlackElo "2142"]
[Result "1-0"]
[Round "04"]
[TimeControl "180+1"]
[Date "2022.09.13"]
[WhiteClock "0:00:06"]
[BlackClock "0:00:02"]

1. d4 Nf6 2. c4 e6 3. Nc3 Bb4 4. Qc2 O-O 5. Bg5 c5 6. dxc5 Na6 7. e3 Nxc5 8. Ne2 d5 9. O-O-O h6 10. Bh4 g5 11. Bg3 Nfe4 12. f3 Nxg3 13. hxg3 Qf6 14. a3 Bxc3 15. Qxc3 Qg6 16. Qc2 Qf6 17. Nc3 Bd7 18. f4 Rac8 19. fxg5 Qxg5 20. Kb1 dxc4 21. Rd4 e5 22. Rdh4 Bf5 23. e4 Bg6 24. Bxc4 Ne6 25. Bxe6 fxe6 26. Rxh6 Kg7 27. Ka2 Qxg3 28. Qb3 Rf7 29. Qxe6 Rxc3 30. Rxg6+ Qxg6 31. Qxe5+ Qf6 32. Qxc3 Qxc3 33. bxc3 Rf2+ 34. Kb3 Rxg2 35. Rd1 Kf6 36. Rd7 Ke5 37. Rxb7 Kxe4 38. Rxa7 Kd5 39. Ra6 Kc5 40. a4 Rg1 41. Rh6 Rb1+ 42. Ka2 Rb8 43. Ka3 Kc4 44. Rc6+ Kd5 45. Rc7 Kd6 46. Rh7 Kc5 47. Rh4 Kd5 48. a5 Kc5 49. Rb4 Ra8 50. Ka4 Ra6 51. Rb8 Kc4 52. Rc8+ Kd5 53. Kb5 Ra7 54. c4+ Kd6 55. a6 Rh7 56. Kb6 Rh1 57. a7 Rb1+ 58. Ka6 Ra1+ 59. Kb7 Rb1+ 60. Ka8 Kd7 61. Rb8 Ra1 62. Rb5 Kc7 63. Rh5 Kd7 64. Kb7 Rb1+ 65. Ka6 Ra1+ 66. Ra5 Rxa5+ 67. Kxa5 1-0


[Site "https://www.chess.com"]

[Event "Titled Tuesday Blitz September 13 Early 2022"]
[White "Gurel, Ediz"]
[Black "Ceres, Dragos"]
[WhiteFideId "44507356"]
[BlackFideId "13905864"]
[WhiteElo "1894"]
[BlackElo "2150"]
[Result "1/2-1/2"]
[Round "04"]
[TimeControl "180+1"]
[Date "2022.09.13"]
[WhiteClock "0:00:15"]
[BlackClock "0:01:18"]

1. e4 e5 2. Nf3 Nc6 3. Bb5 Nf6 4. O-O Nxe4 5. Re1 Nd6 6. Nxe5 Be7 7. Bf1 Nxe5 8. Rxe5 O-O 9. d4 Bf6 10. Bd3 Bxe5 11. dxe5 Ne8 12. Nc3 d6 13. Qh5 g6 14. Qh6 Be6 15. Bg5 f6 16. Bxg6 hxg6 17. Qxg6+ Kh8 18. exf6 Qd7 19. Re1 Qf7 20. Qh6+ Kg8 21. Re3 Nxf6 22. Rf3 Ng4 23. Rxf7 Nxh6 24. Rxf8+ Rxf8 25. Bxh6 Re8 26. Be3 Bf5 27. Nb5 Re7 28. c3 a6 29. Nd4 Bb1 30. a3 c5 31. Nf3 b5 32. h3 a5 33. g4 Be4 34. Nd2 Bd5 35. Kh2 Rb7 36. Bf4 b4 37. axb4 cxb4 38. c4 a4 39. cxd5 a3 40. bxa3 bxa3 41. Bxd6 a2 42. Be5 Re7 43. Bc3 Re2 44. Nf3 Rxf2+ 45. Kg3 Rc2 46. Bd4 Rc4 47. Ba1 Rc1 48. Be5 Rd1 49. h4 Rxd5 50. Ba1 Rd1 51. Bf6 Rd6 52. Bb2 Rb6 53. Bd4 Rb4 54. Be5 Rb5 55. Bd4 Rb4 56. Be5 Rb5 57. Bc3 Rb3 58. Ba1 Rb1 59. Bf6 Rb6 60. Bd4 Rb4 1/2-1/2


[Site "https://www.chess.com"]

[Event "Titled Tuesday Blitz September 13 Early 2022"]
[White "Ibrahimli, Murad"]
[Black "Postny, Evgeny"]
[WhiteFideId "13410229"]
[BlackFideId "2804344"]
[WhiteElo "2109"]
[BlackElo "2456"]
[Result "1-0"]
[Round "04"]
[TimeControl "180+1"]
[Date "2022.09.13"]
[WhiteClock "0:01:10"]
[BlackClock "0:00:03"]

1. d4 c5 2. d5 g6 3. e4 Bg7 4. Nf3 d6 5. Be2 Nf6 6. Nc3 Bg4 7. O-O Bxf3 8. Bxf3 O-O 9. a4 Na6 10. Be2 Nc7 11. Bf4 Nd7 12. Qd2 Re8 13. Rfe1 b6 14. Ra3 a6 15. Rb3 Rb8 16. Bg3 Rb7 17. Bc4 Ne5 18. Bf1 c4 19. Ra3 b5 20. axb5 axb5 21. Na2 Nd7 22. c3 Nc5 23. Nb4 Qd7 24. f3 Ra8 25. Rxa8+ Nxa8 26. Ra1 Ra7 27. Qd1 Nb3 28. Rxa7 Qxa7+ 29. Bf2 Qc7 30. Qb1 Nb6 31. Qa2 Na4 32. Nc6 Bh6 33. Bxc4 Nc1 34. Qa3 Nxc3 35. Qxc3 bxc4 36. Qxc4 Qb7 37. b4 Kf8 38. g3 Bd2 39. b5 h5 40. Kg2 Kg7 41. Qd4+ 1-0


[Site "https://www.chess.com"]

[Event "Titled Tuesday Blitz September 13 Early 2022"]
[White "Indjic, Aleksandar"]
[Black "Tari, Aryan"]
[WhiteFideId "911925"]
[BlackFideId "1510045"]
[WhiteElo "2592"]
[BlackElo "2612"]
[Result "0-1"]
[Round "04"]
[TimeControl "180+1"]
[Date "2022.09.13"]
[WhiteClock "0:00:02"]
[BlackClock "0:00:10"]

1. d4 d5 2. c4 e6 3. Nf3 Nf6 4. Bg5 dxc4 5. e4 c5 6. Nc3 cxd4 7. Qxd4 Qxd4 8. Nxd4 h6 9. Bh4 a6 10. Bxc4 b5 11. Be2 Bb7 12. f3 Nbd7 13. O-O-O Rc8 14. Kb1 Bb4 15. Be1 O-O 16. g4 Be7 17. a3 Ne5 18. h4 g6 19. Rg1 Rfd8 20. g5 hxg5 21. Rxg5 Nc4 22. Nc2 Nh5 23. Rg1 Rxd1+ 24. Nxd1 Nf4 25. Bxc4 Rxc4 26. Nde3 Rc8 27. Rg4 Nd3 28. Bc3 Nf2 29. Rg2 Nd3 30. h5 Nf4 31. Rg1 Nxh5 32. Ng4 f6 33. Nd4 e5 34. Nc2 Kf7 35. Nge3 Nf4 36. Rh1 Ke6 37. Rh7 Bc6 38. Ng4 Rd8 39. Nb4 Be8 40. Nxa6 Rd3 41. Bb4 Bxb4 42. axb4 Bf7 43. Nc7+ Ke7 44. Nh6 Rxf3 45. Rxf7+ Kd6 46. Nxb5+ Kc6 47. Nc3 Nd3 48. b5+ Kc5 49. Ng4 Rg3 50. Nxf6 Rg2 51. Rc7+ Kb4 52. Ncd5+ Ka4 53. Ra7+ Kxb5 54. Rb7+ Kc4 55. Nd7 Rg1+ 56. Kc2 Rg2+ 57. Kd1 Nxb2+ 58. Ke1 Nd3+ 59. Kf1 Ra2 60. Rc7+ Kd4 61. N7f6 Rf2+ 62. Kg1 Ra2 63. Kf1 Nf4 64. Nxf4 exf4 65. Re7 Ke3 66. Ng4+ Kf3 67. Ne5+ Ke3 68. Nxg6 f3 69. Kg1 f2+ 70. Kg2 Ra1 71. Rf7 Rg1+ 72. Kh3 Rxg6 73. Rxf2 Kxf2 74. e5 Re6 0-1


[Site "https://www.chess.com"]

[Event "Titled Tuesday Blitz September 13 Early 2022"]
[White "Kalavannan, Koby"]
[Black "Zierk, Steven"]
[WhiteFideId "425753"]
[BlackFideId "2034255"]
[WhiteElo "1927"]
[BlackElo "2494"]
[Result "0-1"]
[Round "04"]
[TimeControl "180+1"]
[Date "2022.09.13"]
[WhiteClock "0:00:16"]
[BlackClock "0:00:23"]

1. d4 Nf6 2. c4 g6 3. Nc3 Bg7 4. e4 d6 5. Be2 O-O 6. Be3 e5 7. d5 Na6 8. g4 Nc5 9. Bf3 c6 10. g5 Ne8 11. dxc6 Qb6 12. Nd5 Qxb2 13. Bxc5 bxc6 14. Rb1 Qxa2 15. Ne7+ Kh8 16. Be3 Be6 17. Nxc6 Bxc4 18. Nb4 Qa5 19. Be2 Be6 20. Bd2 Qd8 21. Nd5 f5 22. gxf6 Nxf6 23. Nxf6 Qxf6 24. Be3 Qh4 25. Qd3 d5 26. Nf3 Rxf3 27. Bxf3 Rf8 28. exd5 Bf5 29. Be4 Bxe4 30. Rb4 Bxd3 31. Rxh4 e4 32. Bd2 Rb8 33. Bc1 Rc8 34. Kd1 Rc2 35. f3 exf3 36. Rf4 Rxc1+ 37. Kxc1 Bh6 38. Kd2 Be4 39. Ke3 Bxd5 40. Rd1 Bc6 41. Rd8+ Kg7 42. Rc8 Bxf4+ 43. Kxf4 f2 44. Rxc6 f1=Q+ 45. Ke5 Qe2+ 46. Kd6 Qxh2+ 47. Kd7 Qd2+ 48. Kc7 Qf4+ 49. Kb7 Qf7+ 50. Ka6 Qf6 51. Rxf6 Kxf6 52. Kxa7 g5 53. Kb6 g4 54. Kc5 g3 55. Kd4 g2 56. Ke3 g1=Q+ 57. Ke4 Qg5 58. Kd3 Qf5+ 59. Ke2 Qe5+ 60. Kf3 Kf5 61. Kg2 Qe4+ 62. Kh3 Kg5 63. Kg3 Qe3+ 64. Kg2 Kg4 65. Kf1 Qd2 66. Kg1 Kg3 67. Kh1 Qd1# 0-1


[Site "https://www.chess.com"]

[Event "Titled Tuesday Blitz September 13 Early 2022"]
[White "Kevlishvili, Robby"]
[Black "Kosteniuk, Alexandra"]
[WhiteFideId "1040634"]
[BlackFideId "4128125"]
[WhiteElo "2585"]
[BlackElo "2469"]
[Result "1/2-1/2"]
[Round "04"]
[TimeControl "180+1"]
[Date "2022.09.13"]
[WhiteClock "0:00:10"]
[BlackClock "0:00:08"]

1. e4 e5 2. Nf3 Nc6 3. Bb5 a6 4. Ba4 Nf6 5. d3 Bc5 6. Nc3 O-O 7. Bxc6 dxc6 8. Be3 Bd4 9. h3 c5 10. O-O h6 11. Qc1 Qd6 12. Ne2 Bxe3 13. Qxe3 Nh5 14. a4 Bd7 15. b3 Rae8 16. Nd2 b6 17. Qf3 Qg6 18. Ng3 Nf4 19. Kh2 Qg5 20. Nc4 h5 21. Ne3 g6 22. Ne2 Bc6 23. g3 Nxe2 24. Qxe2 f5 25. h4 Qh6 26. exf5 gxf5 27. f4 Rf7 28. Rae1 e4 29. Qd2 a5 30. d4 Rd8 31. d5 Bb7 32. c4 Qf6 33. Rd1 Kh7 34. Qe2 Qg6 35. Rd2 Rd6 36. Rfd1 Bc8 37. Qf2 Bd7 38. Nc2 Rg7 39. Na3 Qf7 40. Nb1 Rdg6 41. Rg1 Qf6 42. Qe3 Rg4 43. Rdg2 Qd4 44. Re1 Qf6 45. Kh3 Re7 46. Nc3 Reg7 47. Ne2 Qb2 48. Ng1 Qd4 49. Kh2 Qf6 50. Nh3 Kh6 51. Ng5 Qd4 52. Rd2 Qxe3 53. Rxe3 Rg6 54. Nf7+ Kg7 55. Ne5 Rd6 56. Kg2 Rgg6 57. Nxg6 Kxg6 58. Kf2 Kf6 59. Re1 Be8 60. Ke3 Bg6 61. Rg2 Bh7 62. Rh1 Bg6 63. Kd2 Bh7 64. Ke3 Bg6 65. Rf2 Bh7 66. Rff1 Bg6 67. Rh2 Bh7 68. Rc1 Rd7 69. d6 cxd6 70. Rd2 Bg8 71. Rcd1 Ke7 72. Kf2 Be6 73. Ke3 Bf7 74. Re2 Be6 75. Red2 Bf7 76. Kf2 Rd8 77. Ke3 Be6 78. Kf2 Bf7 79. Ke3 Be6 80. Kf2 Bf7 1/2-1/2


[Site "https://www.chess.com"]

[Event "Titled Tuesday Blitz September 13 Early 2022"]
[White "Kosakowski, Jakub"]
[Black "Harvey, Marcus R"]
[WhiteFideId "1185080"]
[BlackFideId "400092"]
[WhiteElo "2453"]
[BlackElo "2485"]
[Result "1-0"]
[Round "04"]
[TimeControl "180+1"]
[Date "2022.09.13"]
[WhiteClock "0:00:41"]
[BlackClock "0:00:44"]

1. e4 e5 2. Nf3 Nc6 3. Bc4 Bc5 4. O-O Nf6 5. d4 Bxd4 6. Nxd4 Nxd4 7. Bg5 h6 8. Bh4 d6 9. f4 g5 10. fxg5 Bg4 11. Qe1 Nxc2 12. Qf2 Nxa1 13. g6 Rf8 14. Bxf6 fxg6 15. Qh4 Qd7 16. Na3 Be6 17. Rxa1 Bxc4 18. Nxc4 Qe6 19. Bg7 Rf4 20. Qxh6 Qxc4 21. Qh8+ Kf7 22. Qxa8 Qd4+ 23. Kh1 Qxb2 24. Qf8+ 1-0


[Site "https://www.chess.com"]

[Event "Titled Tuesday Blitz September 13 Early 2022"]
[White "Maksimovic, Bojan"]
[Black "Pinheiro, Iung Alicio de O."]
[WhiteFideId "14408120"]
[BlackFideId "2104350"]
[WhiteElo "2447"]
[BlackElo "2283"]
[Result "1-0"]
[Round "04"]
[TimeControl "180+1"]
[Date "2022.09.13"]
[WhiteClock "0:00:06"]
[BlackClock "0:00:08"]

1. e4 c5 2. Nf3 Nc6 3. Bb5 e6 4. O-O Nge7 5. Re1 a6 6. Bf1 Nd4 7. Nxd4 cxd4 8. c3 Nc6 9. d3 Bc5 10. Nd2 O-O 11. Nf3 b5 12. b4 Ba7 13. Bb2 dxc3 14. Bxc3 d5 15. Rc1 Bb7 16. Qc2 Rc8 17. Qb2 d4 18. Bd2 e5 19. g3 Qd6 20. Nh4 g6 21. Bh3 Rc7 22. a3 Bc8 23. Bxc8 Rfxc8 24. Qb3 Kg7 25. Nf3 Bb6 26. Rc2 a5 27. Rec1 a4 28. Qa2 Nd8 29. Rxc7 Rxc7 30. Rxc7 Bxc7 31. Kf1 f6 32. Ke2 Ne6 33. Qc2 Qd7 34. Nh4 Bb6 35. Ng2 Qc7 36. Qxc7+ Bxc7 37. f4 Bd6 38. Kf3 Kf7 39. h4 h5 40. Ne1 f5 41. fxe5 Bxe5 42. exf5 gxf5 43. Ng2 Nc7 44. Bf4 Kf6 45. Bxe5+ Kxe5 46. Nf4 Kd6 47. Ne2 Ke5 48. Nf4 Kd6 49. Ke2 Ke5 50. Nxh5 Nd5 51. Kd2 Ne3 52. Nf4 Nf1+ 53. Ke1 Nxg3 54. Ne2 Nh5 55. Kf2 Nf6 56. Kf3 Nd5 57. h5 Nf6 58. h6 Nh7 59. Nf4 Ng5+ 60. Kg3 Nh7 61. Ne2 Nf6 62. Kh4 f4 63. Kg5 f3 64. Ng3 f2 65. Nf1 Nd5 66. h7 Ke6 67. h8=Q Ne7 68. Qf6+ Kd7 69. Qxd4+ Ke6 70. Qe4+ Kd6 71. Qd4+ Nd5 72. Qxf2 Nc7 73. Qc5+ Kd7 74. Kf5 Ne6 75. Qd5+ Kc7 76. Qxe6 1-0


[Site "https://www.chess.com"]

[Event "Titled Tuesday Blitz September 13 Early 2022"]
[White "Maltsevskaya, Aleksandra"]
[Black "Rustemov, Alexander"]
[WhiteFideId "24174041"]
[BlackFideId "4119002"]
[WhiteElo "2243"]
[BlackElo "2861"]
[Result "0-1"]
[Round "04"]
[TimeControl "180+1"]
[Date "2022.09.13"]
[WhiteClock "0:00:49"]
[BlackClock "0:00:53"]

1. e4 e6 2. d4 d5 3. Nd2 dxe4 4. Nxe4 Bd7 5. Nf3 Bc6 6. Bd3 Nd7 7. O-O Ngf6 8. Nxf6+ Nxf6 9. c3 Bxf3 10. Qxf3 Qd5 11. Qg3 Bd6 12. Qh3 Qh5 13. Qxh5 Nxh5 14. f4 g6 15. b4 Nf6 16. b5 O-O 17. a4 c5 18. bxc6 bxc6 19. Rb1 Rab8 20. Bd2 c5 21. Kf2 cxd4 22. cxd4 Nd5 23. Kf3 Bb4 24. Ke2 Bxd2 25. Kxd2 Rxb1 26. Rxb1 Nxf4 27. Be4 Rd8 28. Ke3 Nd5+ 29. Bxd5 Rxd5 30. Rb8+ Kg7 31. Rb7 Ra5 32. Rb4 g5 33. g4 Kg6 34. h3 h5 35. Rc4 h4 36. Ke4 f5+ 37. Kf3 Kf6 38. Ke3 Ra6 39. Kf3 Rb6 40. Rc3 Rb4 41. gxf5 Kxf5 42. Rc5+ Kf6 43. d5 exd5 44. Rxd5 Rxa4 45. Rd3 a5 46. Rc3 Rf4+ 47. Ke3 a4 48. Rc6+ Kf5 49. Rc5+ Kg6 50. Rc6+ Rf6 0-1


[Site "https://www.chess.com"]

[Event "Titled Tuesday Blitz September 13 Early 2022"]
[White "Moksh Amit Doshi"]
[Black "Sadhwani, Raunak"]
[WhiteFideId "25064967"]
[BlackFideId "35093487"]
[WhiteElo "2245"]
[BlackElo "2656"]
[Result "0-1"]
[Round "04"]
[TimeControl "180+1"]
[Date "2022.09.13"]
[WhiteClock "0:00:03"]
[BlackClock "0:00:33"]

1. d4 g6 2. e4 Bg7 3. Nf3 d6 4. Bc4 a6 5. c3 b5 6. Bb3 Bb7 7. O-O e6 8. Re1 Nd7 9. a4 Ne7 10. Nbd2 O-O 11. Nf1 h6 12. Ng3 c5 13. Bf4 c4 14. Bc2 e5 15. Be3 Qc7 16. Qd2 Kh7 17. h4 Nf6 18. a5 Ng4 19. dxe5 dxe5 20. Bb6 Qc6 21. Rad1 Nc8 22. Bd8 Re8 23. h5 Nd6 24. hxg6+ fxg6 25. Bb6 Re6 26. Nf1 Rf8 27. Ne3 Nf6 28. Nd5 Nc8 29. Be3 Ng4 30. Nb4 Qe8 31. Qd7 Rf7 32. Qxe8 Rxe8 0-1


[Site "https://www.chess.com"]

[Event "Titled Tuesday Blitz September 13 Early 2022"]
[White "Movahed, Sina"]
[Black "Turutin, Alexander"]
[WhiteFideId "42520835"]
[BlackFideId "4180623"]
[WhiteElo "2117"]
[BlackElo "2402"]
[Result "1-0"]
[Round "04"]
[TimeControl "180+1"]
[Date "2022.09.13"]
[WhiteClock "0:00:18"]
[BlackClock "0:00:04"]

1. e4 c6 2. Nf3 d5 3. Nc3 Bg4 4. h3 Bxf3 5. Qxf3 e6 6. Be2 Nf6 7. O-O Bc5 8. Rd1 Bd4 9. d3 Nbd7 10. Be3 Ne5 11. Qg3 Bxe3 12. fxe3 Ng6 13. e5 Nd7 14. d4 O-O 15. Rf1 Qe7 16. Bd3 c5 17. Ne2 c4 18. Bxg6 fxg6 19. Qg4 Rf5 20. Ng3 Rxf1+ 21. Rxf1 Rf8 22. e4 Rxf1+ 23. Kxf1 Nb6 24. b3 cxb3 25. axb3 dxe4 26. Nxe4 Nd5 27. Ke2 b6 28. c4 Nc7 29. Nd6 Ne8 30. Nxe8 Qxe8 31. Qf3 Qe7 32. Kd3 h6 33. d5 exd5 34. Qxd5+ Kh7 35. e6 Qb4 36. Kc2 Qa3 37. Kc3 Qa1+ 38. Kd3 Qd1+ 39. Ke4 Qe2+ 40. Kd4 Qd2+ 41. Ke5 Qg5+ 42. Kd6 Qd8+ 43. Kc6 Qc8+ 44. Kb5 Qc7 45. b4 a5 46. bxa5 bxa5 47. c5 Qa7 48. Qd7 Qb8+ 49. Kc6 1-0


[Site "https://www.chess.com"]

[Event "Titled Tuesday Blitz September 13 Early 2022"]
[White "Oparin, Grigoriy"]
[Black "Molina, Roberto Junio Brito"]
[WhiteFideId "24125890"]
[BlackFideId "2109450"]
[WhiteElo "2639"]
[BlackElo "2403"]
[Result "1/2-1/2"]
[Round "04"]
[TimeControl "180+1"]
[Date "2022.09.13"]
[WhiteClock "0:00:29"]
[BlackClock "0:00:15"]

1. Nf3 d5 2. g3 c6 3. Bg2 Bg4 4. c4 e6 5. Qb3 Qb6 6. Ne5 Bf5 7. d3 Nf6 8. Be3 Qc7 9. cxd5 exd5 10. Nc3 Bd6 11. d4 O-O 12. O-O Nbd7 13. Rac1 Qb6 14. Bf4 Qxb3 15. axb3 Bb4 16. Rfd1 Rfe8 17. e3 h6 18. h4 Nf8 19. Nd3 Bxd3 20. Rxd3 Ne6 21. Ne2 Rad8 22. Bh3 Bd6 23. Bxe6 Rxe6 24. b4 a6 25. Kg2 Bxb4 26. Rb3 a5 27. Rh1 Ne4 28. h5 Rd7 29. f3 Nd2 30. Rd3 Nc4 31. Rb1 Nd6 32. g4 Nb5 33. Ng3 Re8 34. Kf2 Bd6 35. Bxd6 Nxd6 36. Ra1 b6 37. b3 Nb5 38. Rc1 Rc8 39. Nf5 Kf8 40. Rd2 c5 41. dxc5 Rxc5 42. Rxc5 bxc5 43. Ra2 Ra7 44. Rc2 Rc7 45. Ra2 Ra7 46. Rc2 Rc7 47. Ra2 Ra7 1/2-1/2


[Site "https://www.chess.com"]

[Event "Titled Tuesday Blitz September 13 Early 2022"]
[White "Paszewski, Mateusz"]
[Black "Kamsky, Gata"]
[WhiteFideId "1141058"]
[BlackFideId "2000024"]
[WhiteElo "2183"]
[BlackElo "2666"]
[Result "0-1"]
[Round "04"]
[TimeControl "180+1"]
[Date "2022.09.13"]
[WhiteClock "0:00:06"]
[BlackClock "0:00:08"]

1. e4 c5 2. Nf3 e6 3. d4 cxd4 4. Nxd4 a6 5. Bd3 Bc5 6. Nb3 Ba7 7. Qe2 d6 8. Be3 e5 9. Bxa7 Rxa7 10. c4 Nf6 11. Nc3 Be6 12. O-O Nbd7 13. Nd5 O-O 14. Rac1 a5 15. Qe3 b6 16. Na1 Nc5 17. Nc2 Ne8 18. Na3 g6 19. Nb5 Rd7 20. Bb1 f5 21. exf5 Bxd5 22. cxd5 gxf5 23. f4 e4 24. Rfd1 Rg7 25. Kh1 Nf6 26. Qe2 Kh8 27. Rc3 Rfg8 28. Rg1 Rg4 29. Qd2 h5 30. Rh3 Qe7 31. Bc2 R4g6 32. Bd1 Rh6 33. Nd4 Qd7 34. Ne6 Nxe6 35. dxe6 Qxe6 36. Bb3 d5 37. Rd1 Rd8 38. Rc3 Rg6 39. Rc7 Rg7 40. Qc3 Qd6 41. Rxg7 Kxg7 42. Rxd5 Qxf4 43. h3 Rxd5 44. Bxd5 h4 45. Bb3 e3 46. Qd3 Qf2 47. Qd8 Qe1+ 48. Kh2 Qg3+ 49. Kh1 Qe5 50. Qd1 e2 51. Qe1 Ne4 52. Bc4 Ng3+ 53. Kg1 Qd4+ 54. Kh2 Qxc4 55. b3 Qd4 56. Qc1 Nf1+ 57. Kh1 Nd2 58. Qc7+ Kf6 59. Qc6+ Ke5 60. Qc7+ Ke4 61. Qe7+ Kd3 62. b4 Qa1+ 63. Kh2 Nf1+ 64. Kh1 Ng3+ 65. Kh2 Qh1# 0-1


[Site "https://www.chess.com"]

[Event "Titled Tuesday Blitz September 13 Early 2022"]
[White "Perez Gormaz, Matias"]
[Black "Kravtsiv, Martyn"]
[WhiteFideId "3406342"]
[BlackFideId "14113147"]
[WhiteElo "2341"]
[BlackElo "2694"]
[Result "1-0"]
[Round "04"]
[TimeControl "180+1"]
[Date "2022.09.13"]
[WhiteClock "0:01:30"]
[BlackClock "0:00:16"]

1. e4 e5 2. Nf3 Nc6 3. Bb5 a6 4. Ba4 Nf6 5. d3 b5 6. Bb3 Be7 7. c3 O-O 8. a4 Bb7 9. O-O d5 10. exd5 Nxd5 11. Re1 Bf6 12. axb5 axb5 13. Rxa8 Bxa8 14. Bd2 g6 15. Na3 b4 16. Nc4 bxc3 17. bxc3 Nb6 18. Ncxe5 Nxe5 19. Nxe5 Bxe5 20. Rxe5 Qxd3 21. Bh6 Qxc3 22. Re3 Qc6 23. Rf3 Qe8 24. Qa1 1-0


[Site "https://www.chess.com"]

[Event "Titled Tuesday Blitz September 13 Early 2022"]
[White "Popilski, Gil"]
[Black "Shimanov, Aleksandr"]
[WhiteFideId "2809060"]
[BlackFideId "4198603"]
[WhiteElo "2537"]
[BlackElo "2605"]
[Result "0-1"]
[Round "04"]
[TimeControl "180+1"]
[Date "2022.09.13"]
[WhiteClock "0:00:27"]
[BlackClock "0:01:11"]

1. e4 d5 2. exd5 Qxd5 3. Nc3 Qe5+ 4. Nge2 Nf6 5. d4 Qa5 6. g3 Bf5 7. Bg2 c6 8. O-O e6 9. a4 Be7 10. Re1 O-O 11. Nf4 Qc7 12. a5 Na6 13. h3 h6 14. g4 Bh7 15. h4 Bd6 16. Qf3 Bxc2 17. g5 hxg5 18. hxg5 Nd5 19. Ncxd5 exd5 20. Nh5 Rfe8 21. Bd2 Bg6 22. Bh3 Bxh5 23. Qxh5 g6 24. Qf3 Bb4 25. Bc3 Qd6 26. Re5 Bxc3 27. Qxc3 Rxe5 28. dxe5 Qb4 29. e6 Qxc3 30. bxc3 Nc5 31. exf7+ Kxf7 32. Rb1 Re8 33. Kf1 Re7 34. Bc8 Rc7 35. Bg4 Ne4 36. f4 Nd2+ 0-1


[Site "https://www.chess.com"]

[Event "Titled Tuesday Blitz September 13 Early 2022"]
[White "Pranav, V"]
[Black "Sargsyan, Anna M."]
[WhiteFideId "25060783"]
[BlackFideId "13308130"]
[WhiteElo "2390"]
[BlackElo "2271"]
[Result "1-0"]
[Round "04"]
[TimeControl "180+1"]
[Date "2022.09.13"]
[WhiteClock "0:01:49"]
[BlackClock "0:00:05"]

1. Nf3 d5 2. g3 Nf6 3. Bg2 g6 4. O-O Bg7 5. d3 O-O 6. Nbd2 b6 7. e4 Bb7 8. e5 Ne8 9. Re1 e6 10. Nf1 c5 11. h4 d4 12. h5 Nc7 13. h6 Bh8 14. N1h2 Nd7 15. Ng4 Qc8 16. Bg5 a5 17. Nd2 Bxg2 18. Kxg2 f5 19. exf6 Nxf6 20. Bxf6 Bxf6 21. f4 Nd5 22. Nc4 b5 23. Nd6 Qd7 24. Ne4 Be7 25. Ne5 Qe8 26. Ng4 Qc6 27. Qf3 c4 28. Rad1 Bb4 29. Re2 c3 30. bxc3 dxc3 31. Ng5 Rae8 32. Rde1 Qc5 33. Nxe6 Rxe6 34. Rxe6 Nc7 35. Rc6 1-0


[Site "https://www.chess.com"]

[Event "Titled Tuesday Blitz September 13 Early 2022"]
[White "Prohaszka, Peter"]
[Black "Lenderman, Aleksandr"]
[WhiteFideId "726265"]
[BlackFideId "2021285"]
[WhiteElo "2626"]
[BlackElo "2607"]
[Result "0-1"]
[Round "04"]
[TimeControl "180+1"]
[Date "2022.09.13"]
[WhiteClock "0:00:01"]
[BlackClock "0:00:24"]

1. d4 e6 2. c4 b6 3. Nf3 Bb7 4. Nbd2 c5 5. dxc5 Bxc5 6. e3 Nf6 7. a3 O-O 8. b4 Be7 9. Bb2 a5 10. b5 d6 11. g3 Nbd7 12. Bg2 Nc5 13. O-O e5 14. Nb3 Na4 15. Qe2 Qc7 16. Rfc1 Rfc8 17. Ra2 Nxb2 18. Rxb2 Qd7 19. a4 Rc7 20. Rd2 Qc8 21. Rdd1 Ne4 22. Nfd2 Nxd2 23. Rxd2 Bxg2 24. Kxg2 Qe6 25. Rd5 f5 26. e4 Rf8 27. exf5 Qxf5 28. Rf1 Qc8 29. Nd2 Rc5 30. Qd3 Qb7 31. Ne4 Rxd5 32. cxd5 Qc8 33. Re1 h6 34. Re2 h5 35. Rc2 Qf5 36. h3 g5 37. Rc6 g4 38. h4 Qg6 39. Qe3 Rf3 40. Qe2 Qf7 41. Qd2 Ra3 42. Rc8+ Kg7 43. Rc7 Ra1 44. Kh2 Kg6 45. Ng5 Qf5 46. Rxe7 Qb1 47. Re6+ Kf5 0-1


[Site "https://www.chess.com"]

[Event "Titled Tuesday Blitz September 13 Early 2022"]
[White "Puranik, Abhimanyu"]
[Black "Koellner, Ruben Gideon"]
[WhiteFideId "5061245"]
[BlackFideId "12993093"]
[WhiteElo "2520"]
[BlackElo "2286"]
[Result "0-1"]
[Round "04"]
[TimeControl "180+1"]
[Date "2022.09.13"]
[WhiteClock "0:00:01"]
[BlackClock "0:00:10"]

1. e4 d6 2. d4 Nf6 3. Nc3 e5 4. Nf3 Nbd7 5. Bc4 Be7 6. g4 Nb6 7. Be2 Bxg4 8. d5 c6 9. dxc6 bxc6 10. Be3 O-O 11. Rg1 Re8 12. Nh4 Be6 13. Qd2 d5 14. Bh6 g6 15. O-O-O d4 16. Nf3 dxc3 17. Qxc3 Qc7 18. Ng5 Bf8 19. Bxf8 Kxf8 20. Qf3 Kg7 21. h4 h5 22. Qc3 Rad8 23. Rdf1 Qd6 24. f4 Bg4 25. Bxg4 hxg4 26. f5 Qd4 27. Qe1 Nc4 28. c3 Qe3+ 29. Qxe3 Nxe3 30. Re1 Nc4 31. fxg6 fxg6 32. b3 Nd6 33. Kc2 Nf7 34. Re2 Nxg5 35. hxg5 Nh5 36. Rxg4 Rf8 37. b4 Rf4 38. Rg1 Rf3 39. Rge1 Rdd3 40. Kb2 Rxc3 41. Rd2 Rcd3 42. Rc2 Rd6 43. Rec1 Rg3 44. Rxc6 Rxc6 45. Rxc6 Rxg5 46. Rc7+ Kh6 47. Rxa7 Rg2+ 48. Ka3 g5 49. b5 Rg1 0-1


[Site "https://www.chess.com"]

[Event "Titled Tuesday Blitz September 13 Early 2022"]
[White "Samunenkov, Ihor"]
[Black "Ter-Sahakyan, Samvel"]
[WhiteFideId "14187086"]
[BlackFideId "13302531"]
[WhiteElo "2441"]
[BlackElo "2604"]
[Result "0-1"]
[Round "04"]
[TimeControl "180+1"]
[Date "2022.09.13"]
[WhiteClock "0:00:01"]
[BlackClock "0:00:11"]

1. d4 Nf6 2. c4 e6 3. Nf3 d5 4. g3 dxc4 5. Bg2 a6 6. O-O Nc6 7. Nbd2 b5 8. b3 c3 9. Nb1 b4 10. a3 Rb8 11. axb4 Bxb4 12. Qd3 e5 13. Nxc3 exd4 14. Na4 O-O 15. Bb2 Bg4 16. Rac1 Bxf3 17. exf3 Na5 18. Rfd1 c5 19. Nxc5 Bxc5 20. Rxc5 Nxb3 21. Rc4 Re8 22. Bxd4 Nxd4 23. Rxd4 Qa5 24. f4 Re1+ 25. Rxe1 Qxe1+ 26. Bf1 Re8 27. Rd8 a5 28. Rxe8+ Qxe8 29. Qa6 Qd8 30. Bc4 g6 31. Qa7 Qd1+ 32. Kg2 Qd7 33. Qxa5 Qc6+ 34. Kg1 Qxc4 35. Qd8+ Kg7 36. h3 Qd5 37. Qe7 Qf3 38. Qe5 Qe4 39. Qd6 Qe1+ 40. Kg2 Qe6 41. Qd4 Qd5+ 42. Qxd5 Nxd5 43. Kf3 f5 44. Ke2 Kf6 45. Kd3 Ne7 46. Kd4 Ke6 47. h4 h5 48. Kc5 Nd5 49. Kd4 Nf6 50. f3 Kd6 51. Kc4 Nd5 52. Kd4 Ne7 53. Kc4 Nc6 54. Kd3 Kd5 55. Ke3 Nd4 56. Kf2 Ne6 57. Ke3 Kc4 58. g4 Nc5 59. gxh5 gxh5 0-1


[Site "https://www.chess.com"]

[Event "Titled Tuesday Blitz September 13 Early 2022"]
[White "Sarana, Alexey"]
[Black "Donchenko, Alexander"]
[WhiteFideId "24133795"]
[BlackFideId "24603295"]
[WhiteElo "2689"]
[BlackElo "2572"]
[Result "1-0"]
[Round "04"]
[TimeControl "180+1"]
[Date "2022.09.13"]
[WhiteClock "0:00:02"]
[BlackClock "0:00:02"]

1. c4 Nf6 2. Nc3 g6 3. d4 Bg7 4. e4 O-O 5. Be2 d6 6. Be3 c5 7. d5 e6 8. Nf3 exd5 9. cxd5 Bg4 10. Nd2 Bxe2 11. Qxe2 a6 12. a4 Nbd7 13. O-O Re8 14. Bf4 Ne5 15. h3 Qc7 16. Bh2 c4 17. Bxe5 Rxe5 18. Qxc4 Qb6 19. Qd3 Ree8 20. a5 Qc5 21. Rfc1 Nd7 22. Nc4 Rac8 23. Ra4 Qc7 24. Rb4 Nc5 25. Qf3 Bxc3 26. Qxc3 Nxe4 27. Qd4 Nc5 28. Nb6 Rcd8 29. Kh2 Qe7 30. Rc3 Qg5 31. Qf4 Qxf4+ 32. Rxf4 Re2 33. b4 Ne4 34. Rc7 f5 35. Rxb7 Nxf2 36. b5 Nd3 37. Rf1 axb5 38. Nd7 Ra2 39. Nf6+ Kf8 40. Nxh7+ Kg8 41. Nf6+ Kf8 42. Rd1 Nc5 43. Ra7 b4 44. Re1 Ne4 45. Nxe4 fxe4 46. Rxe4 Rb8 47. a6 b3 48. Rb7 Re8 49. Rf4+ Kg8 50. Rg4 Re3 51. Rxg6+ Kf8 52. a7 b2 53. Rh6 Kg8 54. Rg6+ Kf8 55. Rh6 Kg8 56. Rxd6 Rxa7 57. Rd8+ 1-0


[Site "https://www.chess.com"]